 Dungeon Crawl Stone Soup version 0.29-a0-270-g1586fc07ea (webtiles) character file.

Game seed: 17595659612119646503

4339 enile the Fighter (level 10, 0/99 (110) HPs)
             Began as an Ogre Air Elementalist on Mar 8, 2022.
             Was a Believer of Dithmenos.
             Slain by a wight
             ... wielding a +0 long sword
              (1 damage)
             ... on level 8 of the Dungeon.
             The game lasted 00:13:27 (11958 turns).

enile the Fighter (Ogre Air Elementalist)          Turns: 11958, Time: 00:13:27

HP:   0/99 (110)    AC:  5    Str: 19 (20) XL:     10   Next: 33%
MP:   15/19         EV: 10    Int: 17 (20) God:    Dithmenos [**....]
Gold: 328           SH:  0    Dex:  7 (9)  Spells: 9/21 levels left

rFire   . . .      SeeInvis +   P - +2 war axe (elec)
rCold   . . .      Faith    .   (no shield)
rNeg    . . .      Spirit   .   i - +0 robe {Will+}
rPois   .          Reflect  .   (helmet restricted)
rElec   .          Harm     .   L - +1 cloak
rCorr   .          Rampage  .   (gloves unavailable)
Will    ++...                   (boots unavailable)
Stlth   ++........              (no amulet)
HPRegen 0.26/turn               l - +6 ring of strength
MPRegen 0.16/turn               v - ring of see invisible

@: wreathed by umbra, heavily drained
A: large, unfitting armour, tough skin 1
a: Renounce Religion, Shadow Step


You were on level 8 of the Dungeon.
You worshipped Dithmenos.
Dithmenos was pleased with you.
You visited 1 branch of the dungeon, and saw 8 of its levels.

You collected 328 gold pieces.

Inventory:

Hand Weapons
 p - a +0 great mace
 q - the +8 hand axe "Optierhuo" {flame, rF+ rN+++ Dex+3 Stlth-}
   (You found it on level 2 of the Dungeon)

   It burns those it strikes, dealing additional fire damage.
   Big, fiery blades are also staple armaments of hydra-hunters.
   Dex:       It affects your dexterity (+3).
   rF:        It protects you from fire.
   rN:        It renders you almost immune to negative energy.
   Stlth:     It makes you less stealthy.
 u - a +4 quarterstaff of chaos
 A - a +2 vorpal mace
 H - a +0 whip of electrocution
 P - a +2 war axe of electrocution (weapon)
 R - a +0 vampiric glaive
Missiles
 g - a throwing net
 m - 8 poisoned darts (quivered)
Armour
 a - a +0 robe
 i - a +0 robe of willpower (worn)
 n - a +0 helmet
 G - a +0 cloak
 L - a +1 cloak (worn)
Magical Staves
 f - a staff of poison
Jewellery
 l - a +6 ring of strength (left hand)
 v - a ring of see invisible (right hand)
 J - a ring of protection from cold
 Q - a +4 ring of evasion
Wands
 j - a wand of flame (5)
 y - a wand of paralysis (8)
 D - a wand of digging (3)
 N - a wand of acid (8)
 O - a wand of polymorph (9)
Scrolls
 c - 4 scrolls of noise
 o - a scroll of amnesia
 r - 3 scrolls of vulnerability
 s - 3 scrolls of immolation
 t - a scroll of silence {unknown}
 w - a scroll of enchant weapon {unknown}
 B - 2 scrolls of magic mapping {unknown}
 C - a scroll of enchant armour {unknown}
 E - a scroll of brand weapon {unknown}
 I - a scroll of teleportation {unknown}
Potions
 b - 2 potions of magic
 d - 2 potions of flight {unknown}
 e - 3 potions of haste {unknown}
 h - 3 potions of lignification {unknown}
 k - 3 potions of curing
 x - 2 potions of resistance {unknown}
 z - 2 potions of mutation {unknown}
 F - 2 potions of heal wounds {unknown}
 M - a potion of berserk rage {unknown}


   Skills:
 - Level 10.0 Fighting
 + Level 3.6 Axes
 - Level 6.0 Dodging
 - Level 1.4 Stealth
 - Level 6.0 Spellcasting
 - Level 0.8 Conjurations
 - Level 4.0 Air Magic
 - Level 4.0 Invocations
 - Level 6.0 Evocations


You had 9 spell levels left.
You knew the following spells:

 Your Spells              Type           Power      Damage    Failure   Level
a - Shock                 Conj/Air       52%        1d6       4%          1
b - Static Discharge      Conj/Air       13%        N/A       7%          2
c - Swiftness             Air            18%        N/A       8%          3
d - Blink                 Tloc           10%        N/A       19%         2
e - Airstrike             Air            9%         N/A       24%         4

Your spell library contained the following spells:

 Spells                   Type           Power      Damage    Failure   Level
 Corpse Rot               Necr/Air       22%        N/A       9%          2
 Lesser Beckoning         Tloc           5%         N/A       36%         3
 Summon Lightning Spire   Summ/Air       11%        N/A       50%         4
 Animate Armour           Summ/Erth      10%        N/A       77%         4
 Dispel Undead            Necr           5%         3d7       77%         4
 Lightning Bolt           Conj/Air       6%         1d18      78%         5
 Blade Hands              Tmut           2%         N/A       98%         5
 Manifold Assault         Tloc           5%         N/A       98%         5
 Death Channel            Necr           2%         N/A       100%        6
 Iron Shot                Conj/Erth      3%         9d2       100%        6


Dungeon Overview and Level Annotations

Branches:
Dungeon (8/15)             Temple (0/1) D:7
   Lair: D:8-11

Altars:
Ashenzari
Dithmenos
Fedhas
Gozag
Kikubaaqudgha
Ru
Trog

Shops:
D:1 (


Innate Abilities, Weirdness & Mutations

You are too large for most types of armour.
You have tough skin. (AC +1)


Message History

You slash the steam dragon!
The steam dragon is severely wounded.
The steam dragon bites you. The steam dragon claws you.
The steam dragon closely misses you. The steam dragon claws you.
You hit the steam dragon.
Lightning courses through the steam dragon!
You kill the steam dragon!
Dithmenos accepts your kill.
The wight hits you from afar with a +2 halberd of freezing!
The wight freezes you.
Your magical contamination has completely faded away.
You closely miss the wight. The wight hits you with a +0 flail!
The wight hits you from afar with a +2 halberd of freezing.
You feel drained. The wight freezes you.
Aiming: Shadow Step
Press: ? - help, Dir - move target, f - wight
Aim: a wight, wielding a +2 halberd of freezing and wearing a +0 robe (umbra)
You step into the wight's shadow.
The wight barely misses you.
The wight hits you with a +0 long sword.
* * * LOW HITPOINT WARNING * * *
It was a potion of degeneration.
There was something very wrong with that liquid.
You feel weakened.
You feel dopey.
You feel clumsy.
The wight hits you from afar with a +0 trident.
* * * LOW HITPOINT WARNING * * *
You feel drained.
* * * LOW HITPOINT WARNING * * *
The wight hits you with a +0 long sword!
* * * LOW HITPOINT WARNING * * *
You feel drained.
* * * LOW HITPOINT WARNING * * *
It was a potion of curing.
You feel better. The wight barely misses you.
The wight hits you from afar with a +0 trident!
* * * LOW HITPOINT WARNING * * *
You feel drained.
* * * LOW HITPOINT WARNING * * *
The wight hits you with a +0 long sword.
* * * LOW HITPOINT WARNING * * *
You feel drained.
You die...

#### ##..##
##....##
#..z.@z##
##...##zz###
#...#####..##
#..## ###.#
#...# ###
.....##
.$...z.
..[...#
##....


You could see 4 wights.

Vanquished Creatures
  Pikel (D:4)
  A hornet (D:7)
  A shadow (D:4)
  A steam dragon (D:8)
  3 vampire mosquitoes
  Edmund (D:6)
  An acid dragon (D:5)
  3 water moccasins
  4 orc warriors
  2 sky beasts (D:7)
  2 black bears (D:6)
  A centaur (D:7)
  3 ogres
  A phantom (D:6)
  A kobold brigand (D:7)
  3 scorpions
  3 wights (D:6)
  A howler monkey (D:5)
  A jelly (D:4)
  5 orc priests
  5 hounds
  Crazy Yiuf (D:2)
  An iguana (D:5)
  Ijyb (D:3)
  4 orc wizards
  Robin (D:2)
  5 gnolls (D:7)
  6 adders
  2 shadow imps
  An ufetubus (D:4)
  A worm (D:2)
  2 dart slugs
  19 orcs
  4 ball pythons
  4 bats
  4 endoplasms
  10 goblins
  14 hobgoblins
  6 jackals
  7 kobolds
  3 quokkas (D:1)
  2 frilled lizards (D:1)
  5 rats
147 creatures vanquished.

Vanquished Creatures (collateral kills)
  A gnoll sergeant (D:7)
  3 gnolls (D:7)
4 creatures vanquished.

Vanquished Creatures (others)
  11 withered plants (D:5)
11 creatures vanquished.

Grand Total: 162 creatures vanquished

Notes
Turn   | Place    | Note
-------+----------+-------------------------------------------
     0 | D:1      | enile the Ogre Air Elementalist began the quest for the
                  | Orb.
     0 | D:1      | Reached XP level 1. HP: 16/16 MP: 3/3
    21 | D:1      | Found Ixeehoew's Weapon Emporium.
    45 | D:1      | Reached skill level 1 in Fighting
   197 | D:1      | Reached skill level 2 in Fighting
   226 | D:1      | Reached XP level 2. HP: 28/28 MP: 1/5
   549 | D:1      | Reached skill level 3 in Fighting
   869 | D:1      | Reached XP level 3. HP: 37/37 MP: 2/6
  1481 | D:2      | Learned a level 2 spell: Static Discharge
  1503 | D:2      | Identified the +8 hand axe "Optierhuo" {flame, rF+ rN+++
                  | Dex+3 Stlth-}
  1533 | D:2      | Found a faded altar of an unknown god.
  1613 | D:2      | Reached skill level 4 in Fighting
  1645 | D:2      | Prayed at the altar of an unknown god.
  1645 | D:2      | Became a worshipper of Dithmenos the Shadowed
  1645 | D:2      | Reached * piety under Dithmenos
  2232 | D:2      | Found a runed translucent door.
  2233 | D:2      | Noticed Crazy Yiuf
  2393 | D:3      | Reached XP level 4. HP: 48/48 MP: 8/8
  2426 | D:3      | Noticed Robin
  2444 | D:2      | Killed Robin
  2646 | D:3      | Reached skill level 1 in Invocations
  2646 | D:3      | Reached XP level 5. HP: 54/54 MP: 6/11
  3207 | D:3      | Noticed Ijyb
  3225 | D:3      | Killed Ijyb
  3815 | D:4      | Learned a level 3 spell: Swiftness
  3916 | D:4      | Found a bloodstained altar of Trog.
  3970 | D:4      | Reached XP level 6. HP: 62/62 MP: 7/12
  4495 | D:4      | Learned a level 2 spell: Blink
  4635 | D:2      | Killed Crazy Yiuf
  4916 | D:5      | Entered Level 5 of the Dungeon
  4916 | D:5      | Noticed a shadow
  4929 | D:4      | Killed a shadow
  4930 | D:4      | Reached skill level 1 in Evocations
  5100 | D:5      | Reached XP level 7. HP: 48/70 MP: 13/13
  5100 | D:5      | Noticed Pikel
  5237 | D:4      | Killed Pikel
  5238 | D:4      | Reached skill level 5 in Fighting
  5238 | D:4      | Reached XP level 8. HP: 31/81 MP: 11/14
  5484 | D:5      | Reached skill level 6 in Fighting
  6389 | D:5      | Found a broken altar of Ashenzari.
  6915 | D:5      | Reached skill level 7 in Fighting
  7066 | D:5      | Found an ancient bone altar of Kikubaaqudgha.
  7113 | D:5      | Reached skill level 8 in Fighting
  7113 | D:5      | Reached XP level 9. HP: 95/96 MP: 9/15
  7168 | D:5      | Learned a level 4 spell: Airstrike
  7190 | D:5      | Reached ** piety under Dithmenos
  7401 | D:5      | Found a sacrificial altar of Ru.
  7512 | D:5      | Found an opulent altar of Gozag.
  7518 | D:5      | Reached skill level 5 in Evocations
  8568 | D:6      | Reached skill level 5 in Spellcasting
  8733 | D:6      | Noticed Edmund
  8756 | D:6      | Killed Edmund
  9118 | D:6      | Reached skill level 5 in Dodging
  9232 | D:6      | Found a blossoming altar of Fedhas.
 10107 | D:7      | Found a staircase to the Ecumenical Temple.
 10170 | D:7      | Reached XP level 10. HP: 33/104 MP: 6/19
 10583 | D:7      | Reached skill level 9 in Fighting
 10598 | D:7      | HP: 5/109 [poisoned by a water moccasin]
 11073 | D:7      | Reached skill level 10 in Fighting
 11957 | D:8      | HP: 5/103 [wight/+0 long sword (5)]
 11958 | D:8      | HP: 1/101 [wight/+0 long sword (4)]
 11958 | D:8      | Slain by a wight

Illustrated notes

Levels and vault maps discovered:
D:1:      beargit_arrival_greenhouse, layout_rooms, serial_shops, shop_statue
D:2:      layout_loops_corners, hellmonk_ecumenical_altar_blasted,
          uniq_crazy_yiuf_cottage
D:3:      layout_basic, uniq_robin, uniq_ijyb
D:4:      layout_basic, trog_three_pillars_becter
D:5:      layout_cave_pools, mainiacjoe_overflow_six_doors_small,
          mainiacjoe_overflow_24_doors, mainiacjoe_overflow_chevrons,
          kiku_gazebo_garden_becter, nicolae_sextant, uniq_pikel
D:6:      layout_basic, general_overflow_altar, minmay_puff, uniq_edmund
D:7:      layout_gridville, minmay_temple_entry_hall
D:8:      layout_layer_cave, grunt_temple_overflow_lords_of_destruction,
          elyvilon_altar_5, ebering_ghost_funeral_grove

Skill      XL: |  1  2  3  4  5  6  7  8  9 10 |
---------------+-------------------------------+-----
Fighting       | 2 3 4 5 8 10 | 10.0
Spellcasting   | 3 4 6 |  6.0
Invocations    | 1 4 |  4.0
Air Magic      | 4 |  4.0
Evocations     | 1 4 6 |  6.0
Axes           | 2 3 |  3.6
Dodging        | 4 6 |  6.0
Stealth        | |  1.4
Conjurations   | |  0.8

Action                   |  1- 3 |  4- 6 |  7- 9 | 10-12 || total
-------------------------+-------+-------+-------+-------++-------
Melee: Unarmed           |     7 |       |       |       ||     7
       Staff             |    14 |       |       |       ||    14
       Hand axe          |     6 |    59 |    96 |    31 ||   192
       Great mace        |     4 |       |       |       ||     4
       Punch             |       |       |     1 |       ||     1
       War axe           |       |       |       |    11 ||    11
Throw: Dart              |       |       |     3 |     5 ||     8
 Cast: Shock             |    71 |    60 |    32 |     1 ||   164
       Static Discharge  |     2 |     1 |     8 |     1 ||    12
       Swiftness         |       |     1 |     2 |       ||     3
       Blink             |       |       |     4 |       ||     4
       Airstrike         |       |       |    32 |    18 ||    50
Invok: Shadow Step       |       |       |       |     1 ||     1
Evoke: Wand              |       |       |    12 |       ||    12
  Use: Scroll            |     3 |     1 |     1 |       ||     5
       Potion            |       |       |       |     2 ||     2
 Stab: Paralysed         |       |       |     1 |       ||     1
Armor: Robe              |    11 |    12 |    20 |    19 ||    62
Dodge: Dodged            |    13 |    31 |   100 |    37 ||   181

Table legend: (Time is in decaauts)
 A = Elapsed time spent in this place.
 B = Non-inter-level travel time spent in this place.
 C = Inter-level travel time spent in this place.
 D = Time resting spent in this place.
 E = Time spent auto-exploring this place.
 F = Levels seen in this place.
 G = Mean time per level.
                   A        B        C        D        E       F      G
               +--------+--------+--------+--------+--------+-----+--------+
         Total |  12020 |  11502 |    518 |    981 |   9275 |   8 | 1502.5 |
       Dungeon |  12020 |  11502 |    518 |    981 |   9275 |   8 | 1502.5 |
               +--------+--------+--------+--------+--------+-----+--------+

Top non-repeatable levels by time:
     D:7: 2571 daAuts
     D:4: 2026 daAuts
     D:3: 1622 daAuts
     D:6: 1622 daAuts
     D:2: 1551 daAuts
     D:5: 1417 daAuts
     D:1: 1183 daAuts
     D:8: 25 daAuts
